 Dungeon Crawl Stone Soup version 0.17.0-25-gefc9c12 (webtiles) character file.

24418 Raultor the Martial Artist (level 13, 0/90 HPs)
             Began as an Octopode Monk on Nov 18, 2015.
             Was a High Priest of Cheibriados.
             Slain by a yak (16 damage)
             ... on level 6 of the Lair of Beasts.
             The game lasted 00:54:42 (15966 turns).

Raultor the Martial Artist (Octopode Monk)         Turns: 15966, Time: 00:54:43

Health: 0/90       AC:  1    Str: 25    XL:     13   Next: 13%
Magic:  8/19       EV: 30    Int: 26    God:    Cheibriados [*****.]
Gold:   789        SH:  0    Dex: 33    Spells: 3 memorised, 5 levels left

rFire  . . .     SeeInvis .       - Unarmed
rCold  . . .     Clarity  .     (no shield)
rNeg   + . .     SustAt   .     (helmet restricted)
rPois  .         Gourm    .     n - amulet of warding
rElec  .         Spirit   .     F - +3 ring of evasion
rCorr  .         Warding  +     (no ring)
rMut   .         Stasis   .     (no ring)
MR     .....                    (no ring)
Stlth  +++++.....               (no ring)
                                (no ring)
                                (no ring)
                                (no ring)

@: singing, regenerating, repel missiles, very slow, not resistant to hostile
enchantments, quite stealthy
A: almost no armour, amphibious, 8 rings, constrict 8, camouflage 1, gelatinous
body 1
a: Bend Time, Temporal Distortion, Slouch, Step From Time, Renounce Religion,
Stop Singing


You were on level 6 of the Lair of Beasts.
You worshipped Cheibriados.
Cheibriados was extremely pleased with you.
You were not hungry.

You visited 3 branches of the dungeon, and saw 15 of its levels.

You collected 789 gold pieces.

Inventory:

Missiles
 y - a throwing net
 H - 2 exploding tomahawks
 L - 3 tomahawks (quivered)
Jewellery
 l - an uncursed amulet of guardian spirit
 n - an amulet of warding (around mantle)
 F - a +3 ring of evasion (left tentacle)
Wands
 o - a wand of flame (26)
 B - a wand of digging (9)
 D - a wand of confusion (26)
 I - a wand of paralysis (11)
Scrolls
 e - a scroll of enchant weapon
 f - a scroll of noise
 g - 5 scrolls of remove curse
 h - 2 scrolls of summoning {unknown}
 i - a scroll of immolation {unknown}
 j - a scroll of random uselessness {unknown}
 m - a scroll of magic mapping {unknown}
 r - 2 scrolls of amnesia {unknown}
 s - 4 scrolls of teleportation {unknown}
 t - 3 scrolls of blinking {unknown}
 v - 7 scrolls of identify {unknown}
 z - 4 scrolls of enchant armour {unknown}
 C - a scroll of fog {unknown}
 P - a scroll of acquirement {unknown}
Potions
 d - a potion of curing
 p - 2 potions of magic
 q - a potion of ambrosia
 u - 2 potions of brilliance
 E - a potion of flight
 J - a potion of degeneration {unknown}
 N - 2 potions of invisibility {unknown}
 Q - a potion of berserk rage {unknown}
Books
 K - a book of Air

   Spells                             Type                      Level
   a - Shock                          Conjuration/Air              1
   b - Swiftness                      Charms/Air                   2
   c - Repel Missiles                 Charms/Air                   2
   d - Static Discharge               Conjuration/Air              3
   e - Lightning Bolt                 Conjuration/Air              5
 M - a book of Enchantments

   Spells                             Type                      Level
   a - Cause Fear                     Hexes                        4
   b - Silence                        Hexes/Air                    5
   c - Deflect Missiles               Charms/Air                   6
   d - Haste                          Charms                       6
   e - Discord                        Hexes                        8
 O - a book of Battle

   Spells                             Type                      Level
   a - Infusion                       Charms                       1
   b - Shroud of Golubria             Charms/Translocation         2
   c - Song of Slaying                Charms                       2
   d - Spectral Weapon                Hexes/Charms                 3
   e - Regeneration                   Charms/Necromancy            3
Miscellaneous
 A - a lamp of fire (inert)
Comestibles
 a - 14 bread rations
 b - 15 fruits
 c - 12 beef jerkies
 k - 10 meat rations
 w - 2 royal jellies
 x - 2 slices of pizza
 G - 4 chunks of flesh


   Skills:
 + Level 9.4 Fighting
 - Level 1.9 Throwing
 + Level 11.4 Dodging
 - Level 2.6 Stealth
 + Level 12.3 Unarmed Combat
 - Level 7.0 Charms
 - Level 4.6 Necromancy
 * Level 8.0 Invocations
 * Level 2.7 Evocations


You had 5 spell levels left.
You knew the following spells:

 Your Spells              Type           Power        Failure   Level  Hunger
a - Repel Missiles        Chrm/Air       ###...       4%          2    ###....
b - Song of Slaying       Chrm           #####...     1%          2    ###....
c - Regeneration          Chrm/Necr      ####......   4%          3    ####...


Dungeon Overview and Level Annotations

Branches:
Dungeon (8/15)             Temple (1/1) D:4            Lair (6/8) D:8
  Swamp (0/4) Lair:3        Snake (0/4) Lair:4
  Slime: Lair:6-8

Altars:
Ashenzari
Cheibriados
Dithmenos
Elyvilon
Fedhas
Gozag
Kikubaaqudgha
Makhleb
Nemelex Xobeh
Okawaru
Qazlal
Ru
Sif Muna
Trog
Vehumet
Yredelemnul
Zin
The Shining One

Annotations:
D:7 exclusion: electric eel
Lair:2 exclusion: electric eel


Innate Abilities, Weirdness & Mutations

You cannot wear most types of armour.
You are amphibious.
You can wear up to eight rings at the same time.
You can use your tentacles to constrict eight enemies at once.
Your skin changes colour to match your surroundings (Stealth).
Your rubbery body absorbs attacks (AC +1).


Message History

The four-headed hydra is heavily wounded.
The yak closely misses you. The four-headed hydra bites you.
The four-headed hydra barely misses you.
The four-headed hydra misses you.
The four-headed hydra barely misses you.
A basilisk comes into view.
The basilisk hisses angrily.
You tentacle-slap the four-headed hydra.
Your tentacle-slap misses the four-headed hydra.
The four-headed hydra is heavily wounded.
The yak barely misses you. The yak gores you!
* * * LOW HITPOINT WARNING * * *
You can feel time thicken for a moment.
You feel somewhat more hungry.
Cheibriados reduces the support of your attributes as your movement quickens.
The four-headed hydra bites you.
* * * LOW HITPOINT WARNING * * *
The four-headed hydra closely misses you. x2
The four-headed hydra completely misses you.
The yak gores you!
You die...

.....# P.....#
....###### ##.......#
....##.#.## ..........
....#.....# #.........
..........## ##.........
...........# #..........
...........###..........
............#...YY......
...............P@##....
.PP......P.....YDY......
........#P....>...PP....
#.........P.......P#....
.......................#
P..P.P.........#.....%##
................l.....
P..P...............%...
#.............#.....#


You could see a four-headed hydra, 4 yaks and a basilisk.

Vanquished Creatures
  Rupert (Lair:5)
  Josephine (Lair:5)
  3 hydras
  Nergalle (Lair:4)
  A griffon (Lair:6)
  10 spiny frogs
  4 komodo dragons
  3 fire drakes
  3 polar bears (Lair:5)
  3 boulder beetles (Lair:6)
  3 blink frogs (Lair:1)
  Sigmund (D:4)
  5 wraiths
  13 yaks
  3 hippogriffs
  2 nagas (Lair:4)
  12 wolves
  14 porcupines
  The ghost of dorian the Firebug, an amateur OpFE (D:4)
  An orc warrior (D:7)
  13 water moccasins
  A sky beast (D:8)
  4 ogres
  14 crocodiles
  3 centaurs
  7 giant frogs
  A wyvern skeleton (D:7)
  2 scorpions (D:6)
  10 wights
  2 electric eels
  6 crimson imps
  2 jellies
  5 hounds
  Crazy Yiuf (D:2)
  Ijyb (D:3)
  An orc priest (D:7)
  Jessica (D:2)
  Natasha (D:2)
  8 iguanas
  10 orc wizards
  6 worker ants
  5 sheep (Lair:3)
  A hound zombie (D:5)
  A hound skeleton (D:7)
  2 worker ant zombies
  12 adders
  12 gnolls (D:4)
  26 river rats
  An adder zombie (D:6)
  3 worms
  2 giant geckos
  18 orcs
  6 bats
  9 hobgoblins
  10 jackals
  11 kobolds
  2 quokkas
  A ball python skeleton (D:5)
  6 giant cockroaches
  3 giant newts
  9 goblins
  8 rats
  A fungus (Lair:6)
333 creatures vanquished.

Vanquished Creatures (others)
  15 fungi
  12 plants
27 creatures vanquished.

Grand Total: 360 creatures vanquished

Notes
Turn   | Place    | Note
--------------------------------------------------------------
     0 | D:1      | Raultor the Octopode Monk began the quest for the Orb.
     0 | D:1      | Reached XP level 1. HP: 16/16 MP: 1/1
    77 | D:1      | Reached XP level 2. HP: 2/21 MP: 2/2
  1061 | D:2      | Reached XP level 3. HP: 26/26 MP: 3/3
  1169 | D:2      | Noticed Jessica
  1188 | D:2      | Killed Jessica
  1251 | D:2      | Noticed Crazy Yiuf
  1258 | D:2      | Killed Crazy Yiuf
  1258 | D:2      | Reached XP level 4. HP: 12/32 MP: 4/4
  1835 | D:2      | Reached skill level 5 in Unarmed Combat
  2003 | D:2      | Noticed Natasha
  2022 | D:2      | Killed Natasha
  2022 | D:2      | Reached XP level 5. HP: 26/37 MP: 5/5
  2240 | D:3      | Reached XP level 6. HP: 17/43 MP: 6/6
  2578 | D:3      | Reached skill level 6 in Unarmed Combat
  2779 | D:3      | Noticed Ijyb
  2792 | D:3      | Killed Ijyb
  3107 | D:4      | Reached XP level 7. HP: 49/49 MP: 7/7
  3707 | D:4      | Noticed dorian's ghost (amateur OpFE)
  3741 | D:4      | Killed dorian's ghost
  3741 | D:4      | Reached skill level 5 in Fighting
  3741 | D:4      | Reached skill level 5 in Dodging
  3792 | D:4      | Reached skill level 7 in Unarmed Combat
  4075 | D:4      | Found a staircase to the Ecumenical Temple.
  4077 | D:4      | Noticed Sigmund
  4102 | D:4      | Killed Sigmund
  4102 | D:4      | Reached XP level 8. HP: 34/55 MP: 8/8
  4113 | Temple   | Entered the Ecumenical Temple
  4151 | Temple   | Became a worshipper of Cheibriados the Contemplative
  4151 | Temple   | Reached * piety under Cheibriados
  4151 | Temple   | Reached ** piety under Cheibriados
  4467 | D:5      | Entered Level 5 of the Dungeon
  4514 | D:5      | Found an opulent altar of Gozag.
  4697 | D:5      | Reached skill level 1 in Invocations
  5205 | D:6      | Reached skill level 8 in Unarmed Combat
  5577 | D:6      | Reached *** piety under Cheibriados
  5620 | D:6      | Reached XP level 9. HP: 62/62 MP: 11/11
  5623 | D:6      | Found a sparkling altar of Nemelex Xobeh.
  6970 | D:7      | Reached skill level 9 in Unarmed Combat
  7390 | D:7      | Reached **** piety under Cheibriados
  7815 | D:7      | Reached skill level 5 in Invocations
  8509 | D:8      | Reached XP level 10. HP: 65/69 MP: 13/13
  8537 | D:8      | Found a staircase to the Lair.
  8694 | Lair:1   | Entered Level 1 of the Lair of Beasts
  8832 | Lair:1   | Reached skill level 1 in Throwing
  9198 | Lair:1   | HP: 1/71 [yak (12)]
  9601 | Lair:1   | Reached skill level 10 in Unarmed Combat
  9620 | Lair:1   | Reached ***** piety under Cheibriados
 10044 | Lair:1   | Learned a level 2 spell: Repel Missiles
 10487 | Lair:2   | Reached XP level 11. HP: 68/77 MP: 14/16
 10537 | Lair:2   | Learned a level 2 spell: Song of Slaying
 10541 | Lair:2   | Learned a level 3 spell: Regeneration
 10819 | Lair:2   | Reached skill level 1 in Charms
 11168 | Lair:3   | Found a staircase to the Swamp.
 11430 | Lair:3   | Noticed a six-headed hydra
 11443 | Lair:3   | Killed a six-headed hydra
 11443 | Lair:3   | Reached skill level 5 in Charms
 11583 | Lair:3   | Noticed a six-headed hydra
 11595 | Lair:3   | Killed a six-headed hydra
 12445 | Lair:3   | Reached skill level 1 in Necromancy
 12754 | Lair:4   | Noticed Nergalle
 12764 | Lair:4   | Killed Nergalle
 12945 | Lair:4   | Reached XP level 12. HP: 84/84 MP: 17/17
 13273 | Lair:4   | Found a staircase to the Snake Pit.
 13497 | Lair:4   | Reached skill level 10 in Dodging
 13497 | Lair:4   | Reached skill level 11 in Unarmed Combat
 14041 | Lair:5   | Noticed Rupert
 14057 | Lair:5   | Killed Rupert
 14057 | Lair:5   | Reached ****** piety under Cheibriados
 14102 | Lair:5   | HP: 1/84 [spiny frog (24)]
 14392 | Lair:5   | Noticed Josephine
 14621 | Lair:5   | Killed Josephine
 14899 | Lair:5   | Reached skill level 1 in Evocations
 14906 | Lair:5   | Reached skill level 12 in Unarmed Combat
 15616 | Lair:6   | Noticed an eight-headed hydra
 15629 | Lair:6   | Killed an eight-headed hydra
 15629 | Lair:6   | Reached XP level 13. HP: 8/90 MP: 14/18
 15955 | Lair:6   | Noticed a four-headed hydra
 15966 | Lair:6   | Slain by a yak

Action                   |  1- 3 |  4- 6 |  7- 9 | 10-12 | 13-15 || total
-------------------------+-------+-------+-------+-------+-------++-------
Melee: Unarmed           |    52 |   104 |   291 |   399 |    43 ||   889
Throw: Tomahawk          |       |       |     9 |    30 |       ||    39
       Throwing net      |       |       |     1 |     2 |       ||     3
 Cast: Song of Slaying   |       |       |       |     8 |     3 ||    11
       Regeneration      |       |       |       |    11 |     7 ||    18
       Repel Missiles    |       |       |       |     1 |       ||     1
Invok: Bend Time         |       |       |     2 |     7 |     1 ||    10
       Temporal Distorti |       |       |     1 |       |       ||     1
       Slouch            |       |       |       |     3 |     1 ||     4
Evoke: Wand              |       |       |       |     4 |       ||     4
       Lamp of fire      |       |       |       |       |     1 ||     1
  Use: Potion            |       |       |    11 |     4 |       ||    15
       Scroll            |       |       |       |     5 |       ||     5
 Stab: Sleeping          |     9 |    18 |    16 |     2 |       ||    45
       Distracted        |       |     1 |       |       |       ||     1
  Eat: Chunk             |     1 |     6 |    10 |    10 |     2 ||    29
       Beef jerky        |       |       |       |     1 |       ||     1
       Bread ration      |       |       |       |     1 |       ||     1
